 Dungeon Crawl Stone Soup version 0.20.1-1-g8b1a95d (webtiles) character file.

9155 Nidhoragg the Basher (level 11, 0/85 HPs)
             Began as a Hill Orc Fighter on Aug 3, 2017.
             Was a Priest of Hepliaklqana.
             Slain by a black mamba (14 damage)
             ... on level 2 of the Lair of Beasts on Aug 4, 2017.
             The game lasted 01:40:26 (9408 turns).

Nidhoragg the Basher (Hill Orc Fighter)             Turns: 9408, Time: 01:40:26

Health: 0/85       AC: 18    Str: 26    XL:     11   Next: 42%
Magic:  11/11      EV:  9    Int:  8    God:    Hepliaklqana [***...]
Gold:   162        SH: 12    Dex: 10    Spells: 10/10 levels left

rFire    . . .     SeeInvis +   N - +2 morningstar (protect)
rCold    + . .     Gourm    .   c - +0 shield
rNeg     . . .     Faith    .   E - +4 chain mail
rPois    .         Spirit   .   I - +0 helmet {SInv}
rElec    .         Reflect  .   s - scarf {cloud immunity}
rCorr    .         Harm     .   z - +0 pair of gloves (curse)
MR       +....                  (no boots)
Stlth    ..........             (no amulet)
Regen    0.3/turn               K - +3 ring of strength
MPRegen  0.2/turn               H - ring of protection from magic

@: very slightly contaminated
A: reduced essence, hooves 1, cold resistance 1, subdued magic 1
a: Recall Ancestor, Ancestor Identity, Transference, Renounce Religion


You were on level 2 of the Lair of Beasts.
You worshipped Hepliaklqana.
Hepliaklqana was most pleased with you.
You were hungry.

You visited 3 branches of the dungeon, and saw 11 of its levels.

You collected 566 gold pieces.
You spent 404 gold pieces at shops.

Inventory:

Hand Weapons
 a - a +1 flail
 N - a +2 morningstar of protection (weapon)
Missiles
 m - 3 tomahawks of returning (quivered)
Armour
 b - a +0 scale mail
 c - a +0 shield (worn)
 g - a +0 pair of gloves
 h - a +1 helmet
 s - a scarf of cloud immunity (worn)
 z - a cursed +0 pair of gloves (worn)
 E - a +4 chain mail (worn)
 I - a +0 helmet of see invisible (worn)
Jewellery
 e - an uncursed ring of wizardry
 i - an uncursed ring of positive energy
 y - an uncursed ring of positive energy
 H - a ring of protection from magic (right hand)
 K - a +3 ring of strength (left hand)
 P - an uncursed ring of fire
Wands
 k - a wand of lightning (0/15)
 o - a wand of acid (5/15)
 u - a wand of digging (10/24)
 v - a wand of paralysis (12/24)
 w - a wand of confusion (24/48)
 F - a wand of lightning (0/15)
Scrolls
 n - a scroll of magic mapping
 p - 2 scrolls of remove curse
 t - a scroll of fog
Potions
 r - a potion of lignification
 x - a potion of resistance {unknown}
 A - 2 potions of flight
 D - a potion of experience {unknown}
 G - a potion of curing
 J - 3 potions of haste
 L - a potion of agility {unknown}
 M - a potion of magic
 O - a potion of cancellation {unknown}
Books
 l - a book of Necromancy

   Spells                             Type                      Level
   a - Pain                           Necromancy                   1
   b - Animate Skeleton               Necromancy                   1
   c - Vampiric Draining              Necromancy                   3
   d - Regeneration                   Charms/Necromancy            3
   e - Animate Dead                   Necromancy                   4
   f - Control Undead                 Necromancy                   4
Comestibles
 d - 2 meat rations
 f - 6 bread rations
 j - 10 fruits
 C - 3 royal jellies


   Skills:
 + Level 8.5 Fighting
 + Level 11.5 Maces & Flails
 + Level 3.3 Throwing
 + Level 9.0 Armour
 + Level 3.4 Dodging
 - Level 1.1 Stealth
 + Level 9.0 Shields
 + Level 1.0 Evocations


You had 10 spell levels left.
You didn't know any spells.

Dungeon Overview and Level Annotations

Branches:
Dungeon (8/15)             Temple (1/1) D:4            Lair (2/6) D:8
  Swamp: Lair:2-4    Shoals: Lair:2-4     Snake: Lair:2-4    Spider: Lair:2-4

Altars:
Cheibriados
Dithmenos
Elyvilon
Fedhas
Gozag
Hepliaklqana
Kikubaaqudgha
Makhleb
Nemelex Xobeh
Okawaru
Qazlal
Ru
Sif Muna
Trog
Uskayaw
Vehumet
Xom
Yredelemnul
The Shining One

Shops:
D:7 [   D:8 ((

Portals:
Ice
Cave: Lair:2

Annotations:
Lair:2 Prince Ribbit


Innate Abilities, Weirdness & Mutations

Your life essence is reduced to manifest your ancestor. (-10% HP)
You have large cloven feet.
Your flesh is cold resistant. (rC+)
Your spells are a little easier to cast, but a little less powerful.


Message History

Found a bread ration.
The black mamba hisses angrily.
You see here 17 gold pieces.
The black mamba hisses angrily.
The black mamba closely misses you.
The spiny frog gives a loud, deep croak!
The black mamba hisses angrily.
You hear a roar!
You hear a loud, deep croak!
You flicker back into view.
The spiny frog gives a loud, deep croak!
The black mamba hisses angrily.
Prince Ribbit blinks!
Prince Ribbit blinks!
The black mamba completely misses you. The black mamba bites you!
* * * LOW HITPOINT WARNING * * *
Found a meat ration.
The black mamba completely misses you. The black mamba barely misses you.
The black mamba bites you.
* * * LOW HITPOINT WARNING * * *
The black mamba bites you!
You die...

....................##
.....................#
..........[..........#
.......%......$.....##
#....Y..5F$5......#
##..FP.P5.#.F....##
#...######......##
#..S## #...5..P#
#..@%# #..Y....#
#....# ###....5.##
#...#.##.....55.##
#....####P...5.5.#
....# ##../....#
...... #.......##
.P#...# #.#....5..#
........ .(#.......#
...(.YY..##


You could see a black mamba, a yak and a spiny frog.

Vanquished Creatures
  2 two-headed ogres
  Pikel (D:4)
  A spiny frog (Lair:1)
  A wyvern (D:8)
  5 yaks
  2 basilisks (D:8)
  2 hungry ghosts
  Menkaure (D:4)
  4 porcupines
  2 ice beasts
  2 sky beasts (D:5)
  6 ogres
  3 black bears
  2 necrophages
  2 wolves (Lair:1)
  A centaur (D:7)
  3 crocodiles
  2 scorpions
  2 killer bees (D:7)
  2 howler monkeys
  A crimson imp (D:5)
  3 centaur skeletons
  2 hounds
  Jessica (D:2)
  2 bullfrog skeletons
  2 iguanas
  5 worker ants
  A killer bee zombie (D:8)
  2 hound skeletons (D:7)
  A worker ant zombie (D:7)
  Robin (D:3)
  A howler monkey skeleton (D:4)
  6 adders
  A white imp (Lair:2)
  4 oozes
  5 worms
  3 dart slugs
  3 leopard geckos
  13 orcs
  4 bats
  4 giant cockroaches
  18 goblins
  9 hobgoblins
  11 jackals
  4 quokkas
  2 ball pythons
  13 frilled lizards
  2 jackal skeletons (D:5)
  5 kobolds
  6 rats
181 creatures vanquished.

Vanquished Creatures (collateral kills)
  A two-headed ogre (D:8)
  A hippogriff (Lair:1)
  2 yaks
  2 water moccasins (Lair:1)
  3 porcupines
  An ice beast (D:7)
  An ogre (D:5)
  3 wolves (Lair:1)
  A centaur (D:7)
  A bullfrog (D:7)
  A killer bee (D:7)
  A howler monkey (D:4)
  A jelly (D:6)
  4 hounds
  2 orc wizards
  2 adders
  A white imp (Lair:2)
  A leopard gecko (D:7)
29 creatures vanquished.

Vanquished Creatures (others)
  A hound (D:4)
  6 knights
  2 ancestors
  2 bushes (D:8)
  7 fungi
  12 plants (D:8)
30 creatures vanquished.

Grand Total: 240 creatures vanquished

Notes
Turn   | Place    | Note
-------+----------+-------------------------------------------
     0 | D:1      | Nidhoragg the Hill Orc Fighter began the quest for the Orb.
     0 | D:1      | Reached XP level 1. HP: 19/19 MP: 1/1
   233 | D:1      | Reached XP level 2. HP: 27/27 MP: 2/2
   973 | D:2      | Reached XP level 3. HP: 33/33 MP: 3/3
  1235 | D:2      | Reached skill level 3 in Maces & Flails
  1235 | D:2      | Reached XP level 4. HP: 22/40 MP: 4/4
  1482 | D:2      | Noticed Jessica
  1485 | D:2      | Killed Jessica
  1851 | D:3      | Gained mutation: You have large cloven feet. [potion of mutation]
  1851 | D:3      | Gained mutation: Your spells are a little easier to cast, but a little less powerful. [potion of mutation]
  1851 | D:3      | Gained mutation: Your flesh is cold resistant. (rC+) [potion of mutation]
  1926 | D:3      | Found an opulent altar of Gozag.
  1951 | D:3      | Noticed Robin
  1983 | D:3      | Reached XP level 5. HP: 29/47 MP: 5/5
  1990 | D:3      | Killed Robin
  3082 | D:3      | Found a blossoming altar of Fedhas.
  3220 | D:4      | Noticed an ogre
  3226 | D:4      | Killed an ogre
  3226 | D:4      | Reached skill level 4 in Maces & Flails
  3226 | D:4      | Reached XP level 6. HP: 53/53 MP: 6/6
  3387 | D:4      | Reached skill level 5 in Fighting
  3582 | D:4      | Noticed Menkaure
  3589 | D:4      | Killed Menkaure
  3589 | D:4      | Reached skill level 5 in Armour
  3589 | D:4      | Reached XP level 7. HP: 31/61 MP: 7/7
  3695 | D:4      | Found a staircase to the Ecumenical Temple.
  3758 | Temple   | Entered the Ecumenical Temple
  3814 | Temple   | Became a worshipper of Hepliaklqana the Forgotten
  4015 | D:4      | Noticed Pikel
  4025 | D:4      | Killed Pikel
  4025 | D:4      | Reached skill level 6 in Maces & Flails
  4025 | D:4      | Reached skill level 1 in Throwing
  4025 | D:4      | Reached skill level 1 in Dodging
  4025 | D:4      | Reached XP level 8. HP: 55/63 MP: 8/8
  4131 | D:4      | Reached skill level 5 in Shields
  4215 | D:4      | Found a blossoming altar of Fedhas.
  4215 | D:4      | Noticed a two-headed ogre
  4231 | D:5      | Entered Level 5 of the Dungeon
  4274 | D:5      | Reached skill level 1 in Stealth
  4729 | D:5      | Reached skill level 7 in Maces & Flails
  4738 | D:5      | Reached * piety under Hepliaklqana
  4842 | D:5      | Found a sacrificial altar of Ru.
  4865 | D:5      | Reached XP level 9. HP: 31/70 MP: 9/9
  5350 | D:5      | Found a burning altar of Makhleb.
  5352 | D:5      | Found a white marble altar of Elyvilon.
  5352 | D:5      | Found a shimmering altar of Xom.
  5354 | D:5      | Found a snail-covered altar of Cheibriados.
  5354 | D:5      | Found a sacrificial altar of Ru.
  5354 | D:5      | Found a shimmering altar of Xom.
  5560 | D:6      | Found a faded altar of an unknown god.
  5567 | D:6      | Found a bloodstained altar of Trog.
  5570 | D:6      | Found a basalt altar of Yredelemnul.
  5580 | D:6      | Found a burning altar of Makhleb.
  5582 | D:6      | Found a faded altar of an unknown god.
  5791 | D:6      | Reached skill level 8 in Maces & Flails
  5965 | D:6      | Found a deep blue altar of Sif Muna.
  6099 | D:6      | Reached ** piety under Hepliaklqana
  6135 | D:6      | Found a white marble altar of Elyvilon.
  6142 | D:6      | Remembered your ancestor Mirko as a knight
  6531 | D:7      | Found Hoah's Antique Armour Emporium.
  6740 | D:7      | Bought a runed scarf for 152 gold pieces
  6784 | D:7      | Noticed a two-headed ogre
  6796 | D:7      | Killed a two-headed ogre
  6796 | D:7      | Reached skill level 9 in Maces & Flails
  6796 | D:7      | Reached XP level 10. HP: 77/77 MP: 10/10
  7322 | D:8      | Found a staircase to the Lair.
  7615 | D:8      | Noticed a two-headed ogre
  7657 | D:8      | Killed a two-headed ogre
  7657 | D:8      | Reached skill level 10 in Maces & Flails
  8052 | D:8      | Noticed a two-headed ogre
  8064 | D:8      | Killed a two-headed ogre
  8064 | D:8      | Reached XP level 11. HP: 52/85 MP: 11/11
  8302 | D:8      | Found Rem Pyn's Weapon Boutique.
  8308 | D:8      | Bought a +2 morningstar of protection for 252 gold pieces
  8317 | D:8      | Found Xaosulu's Antique Weapon Boutique.
  8519 | Lair:1   | Entered Level 1 of the Lair of Beasts
  8548 | Lair:1   | Reached skill level 1 in Evocations
  8597 | Lair:1   | Reached *** piety under Hepliaklqana
  8650 | Lair:1   | Reached skill level 11 in Maces & Flails
  9317 | Lair:2   | Noticed a four-headed hydra
  9318 | Lair:2   | Noticed a five-headed hydra
  9321 | Lair:2   | Noticed Prince Ribbit
  9367 | Lair:2   | Found a frozen archway.
  9408 | Lair:2   | Slain by a black mamba

Skill      XL: |  1  2  3  4  5  6  7  8  9 10 11 |
---------------+----------------------------------+-----
Fighting       | 4 5 6 7 8 |  8.5
Maces & Flails | 3 4 6 7 9 10 11 | 11.5
Shields        | 4 5 7 8 9 |  9.0
Armour         | 4 5 6 7 8 9 |  9.0
Throwing       | 1 2 3 |  3.3
Dodging        | 1 2 3 |  3.4
Stealth        | 1 |  1.1
Evocations     | 1 |  1.0

Action                   |  1- 3 |  4- 6 |  7- 9 | 10-12 || total
-------------------------+-------+-------+-------+-------++-------
Melee: Flail             |   141 |   144 |   247 |   134 ||   666
       Kick              |       |    29 |    65 |    61 ||   155
       Morningstar       |       |       |       |    64 ||    64
Throw: Tomahawk          |       |     9 |    20 |    12 ||    41
Invok: Ancestor Identity |       |       |     1 |       ||     1
       Recall Ancestor   |       |       |     1 |       ||     1
       Ancestor Life: Kn |       |       |     1 |       ||     1
Evoke: Wand              |       |     4 |       |     4 ||     8
  Use: Scroll            |     5 |     1 |     9 |     8 ||    23
       Potion            |     6 |     2 |     3 |     2 ||    13
 Stab: Distracted        |       |       |     2 |     1 ||     3
       Paralysed         |       |       |     1 |       ||     1
       Invisible         |       |       |       |     1 ||     1
  Eat: Chunk             |     1 |     8 |    12 |    10 ||    31
       Meat ration       |       |       |       |     1 ||     1
Armor: Scale mail        |    75 |    45 |    87 |    39 ||   246
       Skin              |       |       |    16 |       ||    16
       Chain mail        |       |       |       |    68 ||    68
Dodge: Dodged            |    51 |    37 |    84 |    82 ||   254
Block: Shield            |    70 |    78 |   124 |   126 ||   398
